 Dungeon Crawl Stone Soup version 0.25.1-2-g60ff931df9 (webtiles) character file.

Game seed: 14638461548111432583

361 ANNNA the Magician (level 6, -3/32 HPs)
             Began as a Deep Elf Venom Mage on Nov 15, 2020.
             Shot with an arrow by a centaur (16 damage)
             ... on level 5 of the Dungeon.
             The game lasted 00:11:18 (5161 turns).

ANNNA the Magician (Deep Elf Venom Mage)            Turns: 5161, Time: 00:11:18

Health: -3/32      AC:  3    Str:  7    XL:     6   Next: 38%
Magic:  15/15      EV: 13    Int: 20    God:
Gold:   199        SH:  0    Dex: 15    Spells: 6/15 levels left

rFire    . . .     SeeInvis .   h - +0 dagger
rCold    . . .     Gourm    .   (no shield)
rNeg     . . .     Faith    .   a - +0 robe
rPois    .         Spirit   .   p - +0 hat
rElec    .         Reflect  .   (no cloak)
rCorr    .         Harm     .   j - +0 pair of gloves
MR       .....                  (no boots)
Stlth    ++........             (no amulet)
HPRegen  0.10/turn              (no ring)
MPRegen  0.14/turn              (no ring)

@: no status effects
A: no striking features
a: no special abilities


You were on level 5 of the Dungeon.
You were not hungry.

You visited 2 branches of the dungeon, and saw 6 of its levels.

You collected 199 gold pieces.

Inventory:

Hand Weapons
 h - a +0 dagger (weapon)
Missiles
 b - 136 stones (quivered)
Armour
 a - a +0 robe (worn)
 j - a +0 pair of gloves (worn)
 k - a +0 pair of gloves
 l - a +0 buckler
 p - a +0 hat (worn)
 u - a +1 pair of boots of stealth
Scrolls
 e - 2 scrolls of remove curse {unknown}
 f - 2 scrolls of enchant armour {unknown}
 g - 5 scrolls of identify
 i - 3 scrolls of amnesia {unknown}
 m - a scroll of teleportation {unknown}
 r - a scroll of fear {unknown}
 s - a scroll of immolation {unknown}
 v - 2 scrolls of noise {unknown}
Potions
 d - 2 potions of degeneration {unknown}
 n - a potion of flight {unknown}
 o - a potion of ambrosia {unknown}
 q - a potion of heal wounds {unknown}
 t - 2 potions of haste {unknown}
Comestibles
 c - 8 rations


   Skills:
 + Level 0.1 Fighting
 + Level 0.4 Short Blades
 + Level 2.9 Dodging
 + Level 3.4 Stealth
 + Level 5.0 Spellcasting
 + Level 0.1 Conjurations
 + Level 3.0 Transmutations
 + Level 2.8 Air Magic
 + Level 4.7 Poison Magic


You had 6 spell levels left.
You knew the following spells:

 Your Spells              Type           Power        Failure   Level  Hunger
a - Sting                 Tmut/Pois      ###.         2%          1    None
b - Poisonous Vapours     Pois/Air       ###...       3%          2    None
c - Ignite Poison         Fire/Tmut/Pois ###.....     12%         3    ##.....
d - Mephitic Cloud        Conj/Pois/Air  ###.....     12%         3    ##.....

Your spell library contained the following spells:

 Spells                   Type           Power        Failure   Level  Hunger
 Olgreb's Toxic Radiance  Pois           ###.....     17%         4    ####...


Dungeon Overview and Level Annotations

Branches:
Dungeon (5/15)             Temple (1/1) D:4

Altars:
Cheibriados
Dithmenos
Elyvilon
Fedhas
Gozag
Kikubaaqudgha
Makhleb
Nemelex Xobeh
Okawaru
Qazlal
Ru
Trog
Uskayaw
Wu Jian
Zin
The Shining One


Message History

Aim: an orc The sting hits the orc.
The orc is poisoned.
The orc is almost dead.
You kill the orc!
Casting: Sting (safe; 2% risk of failure)
Confirm with . or Enter, or press ? or * to list all spells.
You can't see any susceptible monsters within range! (Use Z to cast anyway.) Unknown command.
Magic restored.
HP restored.
There is a stone staircase leading down here.
You climb downwards.
The centaur shouts!
You hear a shout!
The centaur shoots an arrow.
The arrow hits you!
The centaur shoots an arrow.
The arrow hits you!
There is a stone staircase leading up, spattered with blood here.
You see here 2 arrows.
The centaur shoots an arrow.
The arrow hits you!
Ouch! That really hurt!
You die...

#... #..# #..# #..#
#.#.#######.(#
#...o)...##..# #
###†##.#<##..####.#
#.#.o...c.@..#
#............)..#
###.#####..######
#. #..# #. #..# #.
#... #.### #.#


You could see a centaur and an orc.

Vanquished Creatures
  An ogre (D:4)
  2 orc priests (D:4)
  A hound (D:4)
  An orc wizard (D:5)
  A worker ant (D:4)
  A hound skeleton (D:4)
  4 adders
  An ooze (D:2)
  4 worms
  A dart slug (D:3)
  3 leopard geckos
  13 orcs
  6 bats
  5 giant cockroaches
  7 goblins
  5 hobgoblins
  4 kobolds
  2 quokkas
  A frilled lizard (D:1)
  3 rats
66 creatures vanquished.

Notes
Turn   | Place    | Note
-------+----------+-------------------------------------------
     0 | D:1      | ANNNA the Deep Elf Venom Mage began the quest for the Orb.
     0 | D:1      | Reached XP level 1. HP: 10/10 MP: 6/6
   460 | D:1      | Reached XP level 2. HP: 14/15 MP: 4/8
   471 | D:1      | Learned a level 2 spell: Poisonous Vapours
  1032 | D:2      | Reached XP level 3. HP: 19/19 MP: 7/10
  1654 | D:2      | Reached skill level 1 in Air Magic
  1855 | D:3      | Reached XP level 4. HP: 23/24 MP: 0/11
  2743 | D:3      | Reached skill level 4 in Spellcasting
  2831 | D:3      | Learned a level 3 spell: Ignite Poison
  2835 | D:3      | Learned a level 3 spell: Mephitic Cloud
  3036 | D:4      | Reached XP level 5. HP: 26/28 MP: 8/13
  3469 | D:4      | Noticed a phantom
  3489 | D:4      | Noticed an ogre
  4168 | D:4      | Found a staircase to the Ecumenical Temple.
  4183 | Temple   | Entered the Ecumenical Temple
  4950 | D:5      | Entered Level 5 of the Dungeon
  4968 | D:5      | Reached XP level 6. HP: 32/32 MP: 6/15
  5009 | D:4      | Reached skill level 5 in Spellcasting
  5161 | D:5      | Shot with an arrow by a centaur

Illustrated notes

Levels and vault maps discovered:
D:1:      saegor_arrival_simple_c, layout_basic, minmay_cut_off
D:2:      layout_loops_cross
D:3:      layout_rooms, roderic_roman_lattice
D:4:      layout_layer_cave, minmay_temple_entry_statues_pillars, first_ration
D:5:      minmay_opposing_rooms, layout_loops_ring,
          ebering_ghost_reflecting_pool, uniq_eustachio, uniq_edmund
Temple:   eino_temple_rhombus

Skill      XL: |  1  2  3  4  5  6 |
---------------+-------------------+-----
Poison Magic   | 4 |  4.7
Air Magic      | 1 2 |  2.8
Transmutations | 2 3 |  3.0
Spellcasting   | 4 5 |  5.0
Stealth        | 3 |  3.4
Fighting       | |  0.1
Short Blades   | |  0.4
Dodging        | |  2.9
Conjurations   | |  0.1

Action                   |  1- 3 |  4- 6 || total
-------------------------+-------+-------++-------
Melee: Dagger            |    10 |    25 ||    35
Throw: Stone             |       |     1 ||     1
 Cast: Sting             |    33 |    28 ||    61
       Poisonous Vapours |    29 |    41 ||    70
       Ignite Poison     |       |     5 ||     5
       Mephitic Cloud    |       |     2 ||     2
  Use: Scroll            |       |     1 ||     1
  Eat: Chunk             |     3 |     9 ||    12
       Ration            |       |     1 ||     1
Armor: Robe              |     6 |     7 ||    13
Dodge: Dodged            |    17 |    33 ||    50
